Map: Zen LE

Players

ViBE - Winner!

  • Race: Protoss Protoss
  • League: Diamond
  • Spawn Location: 1:00

DoTheCreep

  • Race: Zerg Zerg
  • League: Diamond
  • Spawn Location: 7:00

VOD

Have the link to the VOD?

Description

Time

  • Played on: Dec. 21, 2019, 8:02 p.m.
  • Length: 7:18
Show
View Real Time Build Order
Export as new Build Order

ViBE Protoss - Winner!

Build Orders:  

Get SALT Encoding   

  12  0:00  Probe  
  13  0:13  Probe  
  14  0:19  Pylon  
  14  0:25  Probe  
  15  0:37  Probe  
  16  0:44  Gateway  
  16  0:49  Probe  
  17  1:01  Probe  
  18  1:09  Forge  
  18  1:13  Probe, Pylon  
  19  1:25  Probe  
  19  1:27  Pylon  
  20  1:38  Probe (Chrono Boost)  
  21  1:41  Cybernetics Core  
  21  1:44  Assimilator  
  21  1:49  Photon Cannon  
  22  1:54  Probe (Chrono Boost)  
  22  1:58  Assimilator  
  22  2:03  Probe  
  23  2:15  Pylon  
  23  2:21  Shield Battery  
  23  2:33  Photon Cannon  
  23  2:36  Photon Cannon  
  23  2:47  Robotics Facility  
  23  3:00  Shield Battery  
  23  3:02  Shield Battery  
  23  3:09  Shield Battery  
  23  3:19  Shield Battery  
  23  3:21  Probe  
  24  3:32  Immortal (Chrono Boost)  
  28  3:44  Gateway  
  28  3:52  Photon Cannon  
  28  4:05  Immortal (Chrono Boost)  
  33  4:17  Probe  
  33  4:34  Immortal (Chrono Boost)  
  33  4:36  Gateway  
  37  4:44  Shield Battery  
  37  4:49  Gateway  
  37  4:53  Pylon  
  37  5:11  Immortal  
  41  5:39  Pylon  
  41  5:50  Warp Prism  
  43  6:03  Shield Battery  
  43  6:05  Shield Battery  
  43  6:07  Shield Battery  
  43  6:10  Shield Battery  
  43  6:12  Shield Battery  
  39  6:23  Shield Battery  
  39  6:27  Shield Battery  
  39  6:38  Immortal  
  43  7:08  Nexus  
Show
View Real Time Build Order
Export as new Build Order

DoTheCreep Zerg 

Build Orders: Hatch First 

Get SALT Encoding   

  12  0:01  Drone  
  13  0:13  Overlord  
  13  0:18  Drone  
  14  0:33  Drone x2  
  16  0:51  Hatchery  
  16  0:55  Drone  
  16  1:12  Spawning Pool  
  16  1:17  Drone  
  16  1:21  Extractor  
  15  1:29  Drone  
  16  1:44  Drone x2  
  18  1:51  Drone  
  19  2:02  Queen  
  19  2:06  Queen  
  19  2:08  Drone x2  
  25  2:11  Drone  
  26  2:23  Drone  
  26  2:24  Drone  
  26  2:27  Overlord  
  28  2:37  Spine Crawler  
  28  2:43  Roach Warren  
  26  2:49  Spine Crawler  
  25  2:55  Zergling x2  
  25  2:57  Zergling x2  
  27  3:05  Zergling x4  
  29  3:07  Zergling x4  
  31  3:15  Zergling x6  
  33  3:23  Roach x2  
  34  3:31  Roach  
  36  3:39  Overlord  
  36  3:47  Overlord  
  36  3:57  Queen  
  37  4:18  Ravager x3  
  37  4:20  Drone x3  
  42  4:40  Roach x2  
  46  4:47  Hatchery  
  46  4:48  Roach x3  
  51  4:54  Overlord  
  51  5:05  Overlord  
  51  5:11  Overlord, Drone  
  43  5:48  Roach x6  
  55  5:59  Drone  
  55  6:03  Queen  
  58  6:08  Extractor  
  38  6:32  Roach x4  
  36  6:40  Drone  
  36  6:42  Drone x2  
  32  6:56  Drone x2  
  32  7:01  Roach Warren  
Tags
 
Matchup
PvZ
Spawn Locations
Cross Positions
Add a new tag
Caveats
  • Supply blocks, unpowered buildings, or Contaminate may cause inaccurate times.
  • Supply counts are checked every 10 seconds.